 Dungeon Crawl Stone Soup version 0.29.1-14-g9c671dbff4 (webtiles) character file.

Game seed: 9644722202871592048

116 Heoruswealwe the Caller (level 4, -3/24 HPs)
             Began as a Deep Elf Summoner on Feb 15, 2023.
             Killed from afar by an oklob plant (27 damage)
             ... with a splash of acid
             ... created by the enmity of Fedhas Madash
             ... on level 2 of the Dungeon.
             The game lasted 00:20:13 (1818 turns).

Heoruswealwe the Caller (Deep Elf Summoner)         Turns: 1818, Time: 00:20:14

Health: -3/24      AC:  2    Str:  5    XL:     4   Next: 70%
Magic:  9/11       EV: 12    Int: 22    God:
Gold:   66         SH:  0    Dex: 15    Spells: 6/10 levels left

rFire   . . .      SeeInvis .   j - +1 dagger (drain)
rCold   . . .      Faith    .   (no shield)
rNeg    . . .      Spirit   .   a - +0 robe
rPois   .          Reflect  .   (no helmet)
rElec   .          Harm     .   (no cloak)
rCorr   .          Rampage  .   (no gloves)
Will    .....                   (no boots)
Stlth   ++........              (no amulet)
HPRegen 0.08/turn               (no ring)
MPRegen 0.12/turn               (no ring)

@: no status effects
A: no striking features
a: no special abilities


You were on level 2 of the Dungeon.
You visited 1 branch of the dungeon, and saw 2 of its levels.

You collected 66 gold pieces.

Inventory:

Hand Weapons
 d - a +0 sling
 e - a +0 whip
 g - a +0 dagger
 i - a +0 dagger
 j - a +1 dagger of draining (weapon)
 l - a +0 club
 n - a +0 sling
 p - a +0 sling
 r - a +0 club
 s - a +0 club
 t - a +0 mace
 u - a +0 short sword
 v - a +0 short sword
 x - a +0 short sword
 y - a +0 dagger
Missiles
 k - 6 stones
Armour
 a - a +0 robe (worn)
 h - a +0 robe
 o - a +0 ring mail
 q - a +0 leather armour
Jewellery
 m - an amulet of guardian spirit
Scrolls
 c - a scroll of fog
 w - 2 scrolls of fear
 z - a scroll of identify
Potions
 b - a potion of magic
 f - a potion of brilliance


   Skills:
 + Level 0.3 Fighting
 + Level 0.5 Long Blades
 + Level 2.6 Dodging
 + Level 2.6 Stealth
 * Level 3.6 Spellcasting
 + Level 0.8 Conjurations
 + Level 1.0 Hexes
 * Level 4.6 Summonings
 + Level 0.8 Necromancy
 + Level 1.1 Translocations
 + Level 0.5 Transmutations
 + Level 0.9 Fire Magic
 + Level 0.5 Ice Magic
 + Level 0.5 Air Magic
 + Level 0.8 Earth Magic
 + Level 0.5 Poison Magic
 + Level 0.6 Invocations
 + Level 0.8 Evocations


You had 6 spell levels left.
You knew the following spells:

 Your Spells              Type           Power      Damage    Failure   Level
a - Summon Small Mammal   Summ           96%        N/A       1%          1
b - Call Canine Familiar  Summ           24%        N/A       5%          3

Your spell library contained the following spells:

 Spells                   Type           Power      Damage    Failure   Level
 Call Imp                 Summ           24%        N/A       2%          2
 Summon Guardian Golem    Hex/Summ       16%        N/A       11%         3
 Summon Lightning Spire   Summ/Air       15%        N/A       38%         4


Dungeon Overview and Level Annotations

Branches:
Dungeon (2/15)

Altars:
Fedhas

Annotations:
D:2 exclusion: oklob plant


Message History

Your hound closely misses the phantom.
The phantom closely misses you.
You barely miss the phantom.
The phantom is heavily damaged.
Your hound closely misses the phantom.
The phantom hits you.
The phantom blinks!
You blink.
You swap places.
Your hound barely misses the phantom.
The phantom barely misses your hound.
Your hound bites the phantom.
Your hound closely misses the phantom.
The phantom closely misses your hound.
Your hound bites the phantom.
The phantom completely misses your hound.
Your hound bites the phantom.
Your hound bites the phantom.
The phantom is destroyed!
Your Hexes skill increases to level 1!
Your Translocations skill increases to level 1!
You have reached level 4!
You feel clever.
You swap places.
w - 2 scrolls of fear (gained 1)
A quokka comes into view.
You swap places.
Your hound bites the quokka!
The quokka dies!
You swap places.
Your hound disappears in a puff of smoke!
Plants grow around you in an ominous manner.
Marking area around an oklob plant as unsafe for travelling.
An oklob plant comes into view.
Casting: Call Canine Familiar (quite dangerous; 5% risk of failure)
Confirm with . or Enter, or press ? or * to list all spells.
The spell is quite dangerous to miscast (5% risk of failure)!
Continue anyway?
Marking area around an oklob plant as unsafe for travelling.
The oklob plant spits acid at you. The splash of acid hits your hound!!
Your hound dies!
Your hound's corpse disappears in a puff of smoke!
The oklob plant spits acid at you. The splash of acid hits you!!
Ouch! That really hurt!
You die...

#P############ #...@.f......#
#####.# ############.# #.....#
#.# #.##### #.# ###.# #.# ##..#
#.#
.>.#####################.######
#.#...........................#
#.#.####################.####.#


You could see an oklob plant and a wandering mushroom.

Vanquished Creatures
  A giant cockroach (D:1)
  2 hobgoblins (D:1)
  2 quokkas (D:1)
  A frilled lizard (D:2)
6 creatures vanquished.

Vanquished Creatures (collateral kills)
  A phantom (D:2)
  A worm (D:2)
  A dart slug (D:1)
  4 ball pythons
  3 endoplasms
  A giant cockroach (D:1)
  4 goblins
  A hobgoblin (D:2)
  2 quokkas
  2 frilled lizards (D:1)
  4 kobolds
  2 rats (D:1)
26 creatures vanquished.

Grand Total: 32 creatures vanquished

Notes
Turn   | Place    | Note
-------+----------+-------------------------------------------
     0 | D:1      | Heoruswealwe the Deep Elf Summoner began the quest for the
                  | Orb.
     0 | D:1      | Reached XP level 1. HP: 10/10 MP: 6/6
   174 | D:1      | Reached XP level 2. HP: 15/15 MP: 8/8
   947 | D:2      | Reached XP level 3. HP: 19/19 MP: 6/9
  1220 | D:2      | Learned a level 3 spell: Call Canine Familiar
  1316 | D:2      | Found a faded altar of an unknown god.
  1380 | D:2      | Prayed at the altar of an unknown god.
  1380 | D:2      | Became a worshipper of Fedhas Madash
  1380 | D:2      | Reached * piety under Fedhas
  1381 | D:2      | Fell from the grace of Fedhas
  1695 | D:2      | Noticed a phantom
  1711 | D:2      | Killed a phantom
  1712 | D:2      | Reached skill level 1 in Hexes
  1712 | D:2      | Reached skill level 1 in Translocations
  1712 | D:2      | Reached XP level 4. HP: 23/24 MP: 7/11
  1811 | D:2      | Noticed an oklob plant
  1811 | D:2      | Noticed a wandering mushroom
  1818 | D:2      | Killed from afar by an oklob plant

Illustrated notes

Levels and vault maps discovered:
D:1:      ebering_trefoil_twist, layout_basic, serial_rivers,
          chequers_serial_rivers_large_a, chequers_serial_rivers_micro_a,
          chequers_serial_rivers_micro_a, chequers_serial_rivers_micro_c,
          chequers_serial_rivers_micro_a
D:2:      layout_basic, hellmonk_ecumenical_altar_slurped_away

Skill      XL: |  1  2  3 |
---------------+----------+-----
Hexes          | 1 |  1.0
Translocations | 1 |  1.1
Fighting       | |  0.3
Long Blades    | |  0.5
Dodging        | |  2.6
Stealth        | |  2.6
Spellcasting   | |  3.6
Conjurations   | |  0.8
Summonings     | |  4.6
Necromancy     | |  0.8
Transmutations | |  0.5
Fire Magic     | |  0.9
Ice Magic      | |  0.5
Air Magic      | |  0.5
Earth Magic    | |  0.8
Poison Magic   | |  0.5
Invocations    | |  0.6
Evocations     | |  0.8

Action                   |  1- 3 |  4- 6 || total
-------------------------+-------+-------++-------
Melee: Whip              |     4 |       ||     4
       Dagger            |    19 |       ||    19
 Cast: Summon Small Mamm |    22 |       ||    22
       Call Canine Famil |     3 |     1 ||     4
Invok: Renounce Religion |     1 |       ||     1
  Use: Scroll            |     6 |       ||     6
Armor: Robe              |     1 |       ||     1
Dodge: Dodged            |    14 |       ||    14
